[Event "Team 45 45 League T67"]
[Site "Internet Chess Club"]
[Date "2016.01.17"]
[Round "6"]
[White "rubo"]
[Black "krysto"]
[Result "0-1"]
[WhiteElo "1649"]
[BlackElo "1616"]
[Opening "French: advance, Euwe variation"]
[ECO "C02"]
[Time "18:00:54"]
[TimeControl "2700+45"]

1. e4 e6 2. d4 d5 3. e5 c5 4. c3 Nc6 5. Nf3 Bd7 6. Bd3 cxd4 7. cxd4 Qb6 8. O-O
Nxd4 9. Nxd4 Qxd4 10. Nc3 Ne7 11. Nb5 Qxe5 12. Qf3 Bxb5 13. Bxb5+ Nc6 14. Bf4
Qf6 15. Rfe1 Be7 16. Qg3 O-O 17. Bxc6 bxc6 18. Be5 Qg5 19. Qc3 Bf6 20. f4 Bxe5
21. fxe5 Rfc8 22. b4 Qd8 23. Red1 Qb6+ 24. Kf1 c5 25. bxc5 Rxc5 26. Qd3 Qb5 27.
Rab1 Qxd3+ 28. Rxd3 Rac8 29. Ke2 Rc2+ 30. Rd2 g6 31. Kd3 Rxd2+ 32. Kxd2 Rc4 33.
Kd3 Ra4 34. Rb2 a5 35. g3 Re4 36. Rb5 a4 37. Ra5 h5 38. h3 g5 39. Ra7 Kg7 40.
Ra6 h4 41. g4 Rf4 42. Ke3 Kf8 43. Ra7 Ke8 44. Ra8+ Kd7 45. Ra7+ Kc6 46. Kd3 Kb5
47. Rb7+ Kc5 48. Ke3 Kc4 49. a3 Re4+ 50. Kd2 Rd4+ 51. Kc2 Re4 52. Rxf7 Kd4 53.
Rg7 Rxe5 54. Kd2 Kc4 55. Rb7 Re4 56. Rb4+ Kc5 57. Rb8 Kd4 58. Ra8 Ke5 59. Kd3
Kf4 60. Rg8 Re3+ 61. Kd4 Rxh3 62. Rg6 Rxa3 63. Rxe6 Kxg4 64. Kxd5 h3 65. Kc4 Rf3
66. Kb4 a3 {White resigns} 0-1

[Event "Team 45 45 League T67"]
[Site "Internet Chess Club"]
[Date "2016.01.18"]
[Round "6"]
[White "DIonized"]
[Black "nosir"]
[Result "1-0"]
[WhiteElo "1323"]
[BlackElo "1469"]
[Opening "Sicilian defense"]
[ECO "B40"]
[Time "19:31:51"]
[TimeControl "2700+45"]

1. e4 c5 2. Nf3 e6 3. c3 a6 4. d4 cxd4 5. cxd4 Bb4+ 6. Bd2 Nc6 7. Bd3 Bxd2+ 8.
Nbxd2 b5 9. O-O d6 10. a3 Nf6 11. Qc2 Ne7 12. e5 Nfd5 13. Bxh7 g6 14. Ng5 Nf5
15. Ndf3 Nxd4 16. Nxd4 Qxg5 17. Qc6+ Kf8 18. Qxa8 Qd8 19. Bxg6 fxg6 20. Nxe6+
{Black resigns} 1-0

[Event "Team 45 45 League T67"]
[Site "Internet Chess Club"]
[Date "2016.01.15"]
[Round "6"]
[White "g8wrb"]
[Black "QuimCatala"]
[Result "0-1"]
[WhiteElo "1191"]
[BlackElo "1427"]
[Opening "Polish (Sokolsky) opening"]
[ECO "A00"]
[Time "11:04:37"]
[TimeControl "2700+45"]

1. b4 Nf6 2. Bb2 d6 3. Nf3 g6 4. e3 Bg7 5. c4 O-O 6. Nc3 Nh5 7. Qc2 Nc6 8. a3
Ne5 9. Be2 f5 10. Nxe5 Bxe5 11. Bxh5 gxh5 12. Nd5 Bxb2 13. Qxb2 e5 14. Rc1 c6
15. Nc3 Re8 16. O-O h4 17. h3 Qf6 18. Ne2 Re7 19. d3 Rg7 20. f3 Qg5 21. Nc3
Qxe3+ 22. Qf2 Qxf2+ 23. Rxf2 f4 24. Kf1 Bf5 25. Rd1 Kf7 26. Ne4 Rd8 27. Ke1 Ke7
28. Nc3 Rdg8 29. Kf1 a6 30. Ne4 b5 31. Nc3 Ke6 32. Ne4 Bxe4 33. fxe4 Rg3 34.
cxb5 axb5 35. Rfd2 f3 36. gxf3 Rxf3+ 37. Ke2 Rxh3 38. Rf1 Rgg3 39. Rf8 Re3+ 40.
Kd1 Rxd3 41. Ra8 Rxa3 {White resigns} 0-1

[Event "Team 45 45 League T67"]
[Site "Internet Chess Club"]
[Date "2016.01.17"]
[Round "6"]
[White "tamky70"]
[Black "SeniorCitizen"]
[Result "1/2-1/2"]
[WhiteElo "1346"]
[BlackElo "1326"]
[Opening "Torre attack (Tartakower variation)"]
[ECO "D03"]
[Time "14:00:40"]
[TimeControl "2700+45"]

1. d4 Nf6 2. Nf3 d5 3. Bg5 e6 4. h3 Be7 5. c3 O-O 6. e3 Ne4 7. Bf4 Bd6 8. Be5 f6
9. Bh2 Bxh2 10. Nxh2 c5 11. Bd3 f5 12. Nf3 cxd4 13. exd4 Ng5 14. Ne5 Nd7 15. Qe2
Nxe5 16. dxe5 a6 17. Nd2 Ne4 18. O-O Nxd2 19. Qxd2 Bd7 20. a4 f4 21. f3 Qb6+ 22.
Rf2 Bc6 23. b4 Qc7 24. Qe2 Qd7 25. Qc2 b5 26. Bxh7+ Kh8 27. Bd3 bxa4 28. Bh7 Bb5
29. Qg6 Qf7 30. Qxf7 Rxf7 31. Bc2 Rc8 32. Bxa4 Bxa4 33. Rxa4 Rxc3 34. Rxa6 Re7
35. Rd6 Rc4 36. b5 d4 37. Rd2 Rb4 38. b6 Kg8 39. R6xd4 Rxb6 40. Rxf4 Kh7 41. h4
Kh6 42. Rg4 Rb5 43. Re2 Rf7 44. Rge4 Rf5 45. g4 Rxf3 46. Kg2 Rf7 47. Rf2 Rc7 48.
Rd2 Re7 49. Rd6 Rb2+ 50. Kg3 Rb3+ 51. Kg2 Rb2+ 52. Kg3 Rb3+ 53. Kg2 Rb2+ 54. Kg1
Rb1+ 55. Kg2 Rb2+ 56. Kf3 Rb3+ 57. Ke2 Rb2+ 58. Rd2 Rb3 59. Re3 Rb4 60. Kf3 Rf7+
61. Kg3 Rff4 62. g5+ Kg6 63. h5+ Kxg5 64. Rf3 Rg4+ 65. Kf2 Kxh5 66. Rd6 Rg6 67.
Rh3+ Kg4 68. Rg3+ Kf5 69. Rxg6 Kxg6 70. Rxe6+ Kf7 71. Rc6 g5 72. Rf6+ Ke7 73.
Rg6 Rf4+ 74. Kg3 Rf5 75. Kg4 Rxe5 76. Rxg5 Rxg5+ 77. Kxg5 {Game drawn because
neither player has mating material} 1/2-1/2

[Event "Team 45 45 League T67"]
[Site "Internet Chess Club"]
[Date "2016.01.16"]
[Round "6"]
[White "Just-Jim"]
[Black "rhayder"]
[Result "1-0"]
[WhiteElo "1335"]
[BlackElo "1381"]
[Opening "Queen's pawn game"]
[ECO "E60"]
[Time "10:20:00"]
[TimeControl "2700+45"]

1. d4 Nf6 2. e3 g6 3. c4 Bg7 4. Nc3 O-O 5. f4 d6 6. Be2 c5 7. d5 Bd7 8. Qb3 Qb6
9. Qxb6 axb6 10. Bf3 Na6 11. a3 Nc7 12. Nge2 b5 13. cxb5 Nxb5 14. O-O Nc7 15.
Bd2 b5 16. e4 Rab8 17. b4 cxb4 18. axb4 Ra8 19. Ra5 Rxa5 20. bxa5 b4 21. Nb1 b3
22. Rc1 Na6 23. Ng3 Ra8 24. e5 Ne8 25. e6 fxe6 26. dxe6 Bxe6 27. Bxa8 b2 28. Re1
Ba2 29. Na3 Nec7 30. Be4 Nc5 31. Bc2 Bf6 32. f5 Nd5 33. fxg6 hxg6 34. Bxg6 Bd4+
35. Kh1 Nb3 36. Nc4 b1=Q 37. Bxb1 Nxd2 38. Bxa2 {Black resigns} 1-0

[Event "Team 45 45 League T67"]
[Site "Internet Chess Club"]
[Date "2016.01.16"]
[Round "6"]
[White "stantheman59"]
[Black "bhandelman"]
[Result "1-0"]
[WhiteElo "1256"]
[BlackElo "1317"]
[Opening "Sicilian"]
[ECO "B56"]
[Time "10:05:38"]
[TimeControl "2700+45"]

1. e4 c5 2. Nf3 d6 3. d4 cxd4 4. Nxd4 Nf6 5. Nc3 Nc6 6. Bb5 a6 7. Nxc6 bxc6 8.
Bxc6+ Bd7 9. Bxa8 Qxa8 10. Qe2 Bg4 11. f3 Bd7 12. Be3 e6 13. O-O-O Be7 14. h3
O-O 15. g4 Rb8 16. g5 Nh5 17. Rdg1 Qb7 18. Nd1 e5 19. b3 d5 20. exd5 Ba3+ 21.
Kb1 Qxd5 22. Nc3 Qc6 23. Bd2 Nf4 24. Qxe5 Rb4 25. Bxf4 Rxf4 26. Qa5 Bb4 27. Qd8+
Be8 28. Nd5 Kf8 29. Nxf4 Qc3 30. Nd5 Qd4 31. Rd1 {Black resigns} 1-0

[Event "Team 45 45 League T67"]
[Site "Internet Chess Club"]
[Date "2016.01.15"]
[Round "6"]
[White "wildangels"]
[Black "chips"]
[Result "1-0"]
[WhiteElo "1116"]
[BlackElo "1196"]
[Opening "Réti opening"]
[ECO "A04"]
[Time "09:01:18"]
[TimeControl "2700+45"]

1. Nf3 b6 2. g3 Bb7 3. Bg2 d6 4. d3 e5 5. Nbd2 Nf6 6. O-O g6 7. Re1 Bg7 8. e4
O-O 9. c3 Nbd7 10. h3 Nc5 11. Qc2 c6 12. b4 Ncd7 13. d4 exd4 14. Nxd4 d5 15. e5
Ne8 16. N2f3 Qb8 17. Bf4 Kh8 18. e6 fxe6 19. Bxb8 Rxb8 20. Nxe6 Rf6 21. Nxg7
Nxg7 22. Re7 Rd8 23. Ne5 Nxe5 24. Rxe5 Re8 25. Rxe8+ Nxe8 26. Re1 Ng7 27. Re7
{Black resigns} 1-0

[Event "Team 45 45 League T67"]
[Site "Internet Chess Club"]
[Date "2016.01.17"]
[Round "6"]
[White "Andaluz"]
[Black "Electryon"]
[Result "1/2-1/2"]
[WhiteElo "1346"]
[BlackElo "1431"]
[Opening "Polish (Sokolsky) opening"]
[ECO "A00"]
[Time "14:00:19"]
[TimeControl "2700+45"]

1. b4 e6 2. a3 f5 3. g3 Nf6 4. Bg2 d5 5. d3 c6 6. e3 a5 7. bxa5 Qxa5+ 8. c3 Bd6
9. Ne2 O-O 10. Nd2 Qc7 11. Bb2 Nbd7 12. O-O Nc5 13. Nb3 Na4 14. Bc1 e5 15. Qc2
Be6 16. f3 Nh5 17. Kh1 f4 18. exf4 exf4 19. g4 Nf6 20. Nbd4 Nc5 21. Nb3 Nxb3 22.
Qxb3 Bf7 23. Qc2 Bg6 24. Qd2 Ra4 25. h3 Rfa8 26. d4 Bxa3 27. Bxa3 Rxa3 28. Rxa3
Rxa3 29. Nxf4 Bf7 30. Qc1 Qa5 31. Ne2 Ne8 32. Qf4 Qc7 33. Qxc7 Nxc7 34. Rb1 Nb5
35. Rc1 Bg6 36. Kg1 Bd3 37. Kf2 Bxe2 38. Kxe2 Rxc3 39. Rxc3 Nxc3+ 40. Kd2 Nb5
41. Ke3 {Game drawn by mutual agreement} 1/2-1/2

[Event "Team 45 45 League T67"]
[Site "Internet Chess Club"]
[Date "2016.01.15"]
[Round "6"]
[White "Aquaman"]
[Black "SeniorCitizen"]
[Result "1-0"]
[WhiteElo "1352"]
[BlackElo "1325"]
[Opening "English opening"]
[ECO "A20"]
[Time "15:00:34"]
[TimeControl "2700+45"]

1. c4 e5 2. g3 Nf6 3. Bg2 d5 4. cxd5 Nxd5 5. Nf3 Nc6 6. O-O Be7 7. d4 exd4 8.
Nxd4 Nxd4 9. Qxd4 Nf6 10. Qa4+ Nd7 11. Nc3 c6 12. Be3 Bc5 13. Qe4+ Qe7 14. Bxc5
Nxc5 15. Qxe7+ Kxe7 16. b4 Ne6 17. b5 Nd4 18. bxc6 bxc6 19. e3 Ba6 20. exd4 Bxf1
21. Rxf1 Rac8 22. Re1+ Kf6 23. Ne4+ Kg6 24. Nc5 Rhe8 25. Rxe8 Rxe8 26. Bxc6 Re2
27. a4 Rd2 28. d5 Rd4 29. Kg2 Kf6 30. Kf3 Ke5 31. Nd7+ Kd6 32. Ke3 Rb4 33. h4 a5
34. h5 h6 35. f3 Kc7 36. Nc5 Rb1 37. g4 Re1+ 38. Kf4 f6 39. Ne6+ Rxe6 40. dxe6
Kxc6 41. Kf5 Kd6 42. f4 Ke7 43. g5 fxg5 44. fxg5 hxg5 45. Kxg5 Kxe6 46. Kg6
{Black resigns} 1-0

[Event "Team 45 45 League T67"]
[Site "Internet Chess Club"]
[Date "2016.01.18"]
[Round "6"]
[White "Fogbound"]
[Black "artspir"]
[Result "1-0"]
[WhiteElo "1329"]
[BlackElo "1175"]
[Opening "Queen's pawn, Mason variation"]
[ECO "D00"]
[Time "14:31:12"]
[TimeControl "2700+45"]

1. d4 d5 2. Bf4 c6 3. Nf3 Bf5 4. e3 Nf6 5. Nbd2 Nbd7 6. Be2 e6 7. Ne5 Qe7 8.
Ndf3 Nxe5 9. dxe5 Ne4 10. O-O Qb4 11. Nd4 Bg6 12. Nb3 Be7 13. a3 Qb6 14. Bd3 O-O
15. f3 Nc5 16. Nd4 Nxd3 17. cxd3 c5 18. Ne2 Rac8 19. Bg3 f5 20. Bf2 Qc7 21. Rc1
Qxe5 22. d4 Qf6 23. Qa4 a6 24. Qd7 Be8 25. Qxc8 Bb5 26. Qxb7 Bxe2 27. Rfe1 Bxf3
28. dxc5 Qg5 29. Bg3 f4 30. exf4 Rxf4 31. Qb8+ Kf7 32. Qxf4+ Qxf4 33. Bxf4 d4
34. gxf3 {Black resigns} 1-0

[Event "Team 45 45 League T67"]
[Site "Internet Chess Club"]
[Date "2016.01.17"]
[Round "6"]
[White "RobertBuice"]
[Black "oldbookseller"]
[Result "1-0"]
[WhiteElo "1151"]
[BlackElo "1027"]
[Opening "QGD: 4.Nf3"]
[ECO "D37"]
[Time "09:02:24"]
[TimeControl "2700+45"]

1. d4 d5 2. c4 e6 3. Nf3 Nf6 4. Nc3 Nbd7 5. Bg5 Be7 6. cxd5 exd5 7. Qc2 O-O 8.
e3 c6 9. Bd3 a6 10. O-O c5 11. Ne5 c4 12. Nxd7 Bxd7 13. Be2 Bc6 14. Bxf6 Bxf6
15. Rae1 Qd6 16. f4 Bd8 17. g3 Bb6 18. f5 Qh6 19. Nd1 Rae8 20. Rf4 Bc7 21. Rh4
Qg5 22. f6 g6 23. Rf1 Bxg3 24. Rg4 Bxh2+ 25. Kxh2 Qh5+ 26. Kg3 Bd7 27. Rh4 Qg5+
28. Bg4 Rxe3+ 29. Nxe3 Qxe3+ 30. Rf3 Qg1+ 31. Qg2 Qe1+ 32. Qf2 Qe8 33. Bxd7 Qxd7
34. Rh6 Qc7+ 35. Rf4 c3 36. Qh2 Re8 37. Rxh7 Re3+ 38. Kg4 Qd7+ 39. Kg5 Qe6 40.
Rh8# {Black checkmated} 1-0

[Event "Team 45 45 League T67"]
[Site "Internet Chess Club"]
[Date "2016.01.23"]
[Round "6"]
[White "alexping"]
[Black "lacibacsi"]
[Result "0-1"]
[WhiteElo "1924"]
[BlackElo "2074"]
[Opening "King's Indian, 3.Nf3"]
[ECO "E61"]
[Time "13:04:47"]
[TimeControl "2700+45"]

1. d4 Nf6 2. Nf3 g6 3. c4 Bg7 4. Nc3 O-O 5. e3 d6 6. Be2 Nc6 7. O-O e5 8. d5 Ne7
9. h3 Nd7 10. Qc2 h6 11. Rd1 f5 12. e4 f4 13. b4 a5 14. bxa5 Rxa5 15. Na4 b6 16.
Bd2 Ra8 17. Bb4 g5 18. Nc3 Ng6 19. Nd2 Nf6 20. f3 h5 21. Nf1 Bd7 22. a4 g4 23.
fxg4 hxg4 24. hxg4 Nxg4 25. Rd3 Qg5 26. a5 Nh4 27. Bf3 Ne3 28. Qe2 Nexg2 29.
Bxg2 f3 30. Qd2 f2+ {White resigns} 0-1

[Event "Team 45 45 League T67"]
[Site "Internet Chess Club"]
[Date "2016.01.14"]
[Round "6"]
[White "THE-WARRIOR"]
[Black "bobhill"]
[Result "1-0"]
[WhiteElo "1624"]
[BlackElo "1854"]
[Opening "QGD: Charousek (Petrosian) variation"]
[ECO "D31"]
[Time "21:01:19"]
[TimeControl "2700+45"]

1. d4 d5 2. c4 e6 3. Nc3 Be7 4. Nf3 h6 5. e3 Nf6 6. Bd3 dxc4 7. Bxc4 O-O 8. O-O
b6 9. Ne5 Bb7 10. Be2 Nbd7 11. f4 c5 12. Bf3 Bxf3 13. Qxf3 Nxe5 14. fxe5 Nh7 15.
Ne2 Qc7 16. b3 f6 17. Qg4 f5 18. Qg3 Qd7 19. Bb2 Ng5 20. Nf4 Rae8 21. Rad1 Ne4
22. Qg6 Bg5 23. g3 Qf7 24. Qxf7+ Rxf7 25. d5 Bxf4 26. exf4 g6 27. d6 Rd7 28. Kg2
Kf7 29. Kf3 h5 30. h4 Rc8 31. Rd3 Ke8 32. Rc1 Rb7 33. a4 Kd7 34. Ke2 a6 35. Rc2
b5 36. axb5 axb5 37. Ba3 Ra7 38. Bc1 Ra1 39. Be3 Nxg3+ 40. Kf3 Ne4 41. Rg2 Rg8
42. Rc2 Rga8 43. Bxc5 Rh1 44. Ke3 Rxh4 45. Bb6 Rh3+ 46. Kd4 Rxd3+ 47. Kxd3 Rc8
48. Ra2 Nc5+ 49. Ke3 Rc6 50. Ra7+ Kc8 51. Ba5 Nd7 52. Ra8+ Kb7 53. Rd8 Ka6 54.
b4 Rc3+ 55. Kd2 Rc4 56. Rxd7 h4 57. Rh7 Rd4+ 58. Ke3 Rd1 59. d7 g5 60. d8=Q
gxf4+ 61. Kxf4 Rf1+ 62. Kg5 Rg1+ 63. Kf6 {Black resigns} 1-0

[Event "Team 45 45 League T67"]
[Site "Internet Chess Club"]
[Date "2016.01.16"]
[Round "6"]
[White "kanishka"]
[Black "Tobiasdelmonte"]
[Result "0-1"]
[WhiteElo "1665"]
[BlackElo "1815"]
[Opening "Petrov: classical attack"]
[ECO "C42"]
[Time "09:14:15"]
[TimeControl "2700+45"]

1. e4 e5 2. Nf3 Nf6 3. Nxe5 d6 4. Nf3 Nxe4 5. d4 d5 6. Bd3 Be7 7. O-O Bg4 8. h3
Bh5 9. c4 Nf6 10. Nc3 Nc6 11. Be3 O-O 12. a3 Re8 13. Rc1 a6 14. c5 Bxc5 15. Nxd5
Nxd5 16. Bxh7+ Kxh7 17. Ng5+ Qxg5 18. Bxg5 Bxd1 19. Rxc5 Be2 20. Rxd5 Bxf1 21.
Kxf1 f6 22. Be3 Rad8 23. Rh5+ Kg6 24. Rh4 f5 25. g3 Re4 {White resigns} 0-1

[Event "Team 45 45 League T67"]
[Site "Internet Chess Club"]
[Date "2016.01.16"]
[Round "6"]
[White "Gojira"]
[Black "Beetlejuice"]
[Result "1/2-1/2"]
[WhiteElo "1690"]
[BlackElo "1756"]
[Opening "Dutch"]
[ECO "A80"]
[Time "06:01:33"]
[TimeControl "2700+45"]

1. d4 f5 2. Bf4 Nf6 3. e3 g6 4. h4 h6 5. Bd3 Bg7 6. Nf3 d6 7. Nbd2 Nc6 8. Qe2
Ng4 9. Nh2 e5 10. dxe5 dxe5 11. Nxg4 exf4 12. exf4+ Qe7 13. Ne5 Nxe5 14. fxe5
Qxe5 15. Qxe5+ Bxe5 16. O-O-O O-O 17. Rhe1 Bf6 18. Bc4+ Kg7 19. Nf3 f4 20. Be6
Bxe6 21. Rxe6 Rad8 22. Rde1 Kf7 {Game drawn by mutual agreement} 1/2-1/2

[Event "Team 45 45 League T67"]
[Site "Internet Chess Club"]
[Date "2016.01.17"]
[Round "6"]
[White "mejker"]
[Black "LittleButton"]
[Result "1-0"]
[WhiteElo "2081"]
[BlackElo "1877"]
[Opening "Queen's pawn game"]
[ECO "D02"]
[Time "15:30:46"]
[TimeControl "2700+45"]

1. d4 d5 2. Nf3 e6 3. Bf4 Bd6 4. Bg3 Ne7 5. Ne5 Nf5 6. e3 Nd7 7. Nxd7 Bxd7 8.
Bd3 Nxg3 9. hxg3 g6 10. c4 c6 11. Nc3 a6 12. a4 Qg5 13. c5 Bxg3 14. fxg3 Qxe3+
15. Ne2 e5 16. dxe5 Qxe5 17. Qd2 O-O-O 18. O-O Qe7 19. b4 h5 20. Nd4 h4 21. Rae1
Qf8 22. Bxg6 Qg7 23. Nf5 Bxf5 24. Bxf5+ Kb8 25. Qf4+ Ka8 26. gxh4 Rh5 27. Re7
Rdh8 28. Rfe1 Rc8 {Black resigns} 1-0

[Event "Team 45 45 League T67"]
[Site "Internet Chess Club"]
[Date "2016.01.24"]
[Round "6"]
[White "hudson"]
[Black "CaptK"]
[Result "0-1"]
[WhiteElo "1768"]
[BlackElo "1884"]
[Opening "French: Tarrasch, closed variation, main line"]
[ECO "C06"]
[Time "09:00:32"]
[TimeControl "2700+45"]

1. e4 e6 2. d4 d5 3. Nd2 Nf6 4. e5 Nfd7 5. Bd3 c5 6. c3 Nc6 7. Ne2 cxd4 8. cxd4
f6 9. exf6 Nxf6 10. O-O Bd6 11. f4 Qb6 12. Nf3 O-O 13. a3 e5 14. fxe5 Nxe5 15.
Kh1 Nxf3 16. Rxf3 Bg4 17. Rf1 Rae8 {White resigns} 0-1

[Event "Team 45 45 League T67"]
[Site "Internet Chess Club"]
[Date "2016.01.15"]
[Round "6"]
[White "JefferyChess"]
[Black "hewdondada"]
[Result "1-0"]
[WhiteElo "1835"]
[BlackElo "1753"]
[Opening "Scandinavian (center counter) defense"]
[ECO "B01"]
[Time "19:30:15"]
[TimeControl "2700+45"]

1. e4 d5 2. exd5 Qxd5 3. Nc3 Qa5 4. d4 Nf6 5. Nf3 c6 6. Bd2 Qc7 7. Bc4 Bg4 8. h3
Bh5 9. g4 Bg6 10. Ne5 e6 11. Nxg6 hxg6 12. Qe2 Nbd7 13. g5 Nh5 14. d5 O-O-O 15.
dxe6 Nb6 16. O-O-O Nxc4 17. Qxc4 f6 18. h4 Be7 19. Rhg1 f5 20. f4 Rd6 21. Be3
Rhd8 22. Rxd6 Bxd6 23. Rh1 Bxf4 24. Bxf4 Qxf4+ 25. Qxf4 Nxf4 26. Rd1 Rxd1+ 27.
Kxd1 Nxe6 28. Ke2 Kd7 29. Ke3 Kd6 30. Ne2 Ke5 31. c3 c5 32. a4 b6 33. b3 a6 34.
Ng1 Nf4 35. Nf3+ {Black resigns} 1-0

[Event "Team 45 45 League T67"]
[Site "Internet Chess Club"]
[Date "2016.01.14"]
[Round "6"]
[White "Bryant-L"]
[Black "pokerram"]
[Result "1/2-1/2"]
[WhiteElo "1752"]
[BlackElo "1652"]
[Opening "Sicilian: Grand Prix attack"]
[ECO "B23"]
[Time "17:02:22"]
[TimeControl "2700+45"]

1. e4 c5 2. Nc3 Nc6 3. f4 g6 4. Nf3 Bg7 5. Bb5 Nd4 6. O-O Nxb5 7. Nxb5 d6 8. d3
Bg4 9. h3 Bxf3 10. Qxf3 Qb6 11. Nc3 e6 12. Kh1 Nf6 13. Rb1 O-O 14. Be3 Nd7 15.
h4 h5 16. g4 hxg4 17. Qxg4 Nf6 18. Qg1 Nh5 19. f5 exf5 20. exf5 Qc6+ 21. Kh2
Be5+ 22. Kh3 Qd7 23. Rf3 Nf4+ 24. Bxf4 Qxf5+ 25. Qg4 Qxg4+ 26. Kxg4 f5+ 27. Kh3
Kf7 28. Re1 Bxf4 29. Rxf4 Rh8 30. Nd5 Rae8 31. Rff1 Re5 32. Rxe5 dxe5 33. b4
cxb4 34. Nxb4 Ke6 35. Rg1 Rg8 36. Kg3 a5 37. Rb1 axb4 38. Rxb4 f4+ 39. Kg4 Rc8
40. c4 Rd8 41. Rb3 Ra8 42. Rb6+ Kd7 43. Rxb7+ Kc6 44. Rb2 Ra3 45. Rd2 Kc5 46.
Kf3 Kd4 47. Ke2 Kc3 48. Ke1 Kd4 49. Kd1 f3 50. Ke1 Ke3 51. c5 Rc3 52. Rd1 Rxc5
53. Kf1 Rc2 54. Re1+ Kxd3 55. Rxe5 Rxa2 56. Re6 Ra4 57. Rxg6 Rxh4 58. Ra6 Rh2
59. Ra3+ Ke4 60. Ra4+ Ke3 61. Ra3+ Kf4 62. Ra8 Rh5 {Game drawn by mutual
agreement} 1/2-1/2